Map: Zen LE

Players

JohnnyV - Winner!

  • Race: Terran Terran
  • League: Bronze
  • Spawn Location: 1:00

VOD

Have the link to the VOD?

Description

Time

  • Played on: May 1, 2020, 4:40 p.m.
  • Length: 8:34
Show
View Real Time Build Order
Export as new Build Order

JohnnyV Terran - Winner!

Build Orders:  

Get SALT Encoding   

  12  0:01  SCV  
  13  0:22  Supply Depot  
  13  0:23  SCV  
  14  0:37  Refinery  
  14  0:42  SCV  
  15  0:58  Barracks  
  15  1:04  SCV  
  16  1:21  SCV  
  17  1:38  SCV  
  18  1:55  SCV  
  19  2:00  Refinery  
  20  2:10  Reaper  
  20  2:12  SCV  
  20  2:19  Supply Depot  
  21  2:35  Factory  
  21  2:43  SCV  
  22  2:51  Barracks Tech Lab  
  22  3:01  Bunker  
  22  3:11  Orbital Command  
  22  3:27  Widow Mine  
  22  3:31  Marine  
  23  4:08  Command Center  
  23  4:17  SCV  
  24  4:20  Barracks Reactor  
  24  4:26  Starport  
  24  4:37  Siege Tank  
  27  4:57  SCV  
  28  5:16  Marine x2  
  30  5:20  Supply Depot  
  30  5:39  Siege Tank  
  36  5:41  Marine x2  
  38  5:52  SCV  
  39  6:02  Engineering Bay  
  39  6:23  Marine x2  
  41  6:32  Unknown, Siege Tank  
  41  6:38  Supply Depot  
  44  6:47  Planetary Fortress  
  44  6:57  SCV  
  45  7:00  Marine  
  45  7:05  Starport Reactor  
  46  7:14  SCV  
  47  7:26  Siege Tank  
  47  7:27  Marine x2  
  52  7:42  SCV x2  
  54  7:54  Marine  
  54  7:55  Marine  
  60  8:14  SCV x2  
  62  8:27  Missile Turret  
Tags
 
League
Bronze
Matchup
Co-op
Add a new tag
Caveats
  • Supply blocks, unpowered buildings, or Contaminate may cause inaccurate times.
  • Supply counts are checked every 10 seconds.